General information
- name: BNet
- type: Ladder 1vs1/FFA
- host: Battle.net
- saver: DirtMcGirt
map: TwistedMeadows
- players: 2
- length: 30:15
- speed: Fast
- version: 1.23 W3XP
- replay type: Public
» download(102 KB)
Players
team 1 (loser)
happy-gilmore (
purple | 81 APM | 2457 actions | 30:14)
6 Far Seer
3 Feral Spirit
2 Chain Lighting
1 Earth Quake
6 Tauren Chieftain
3 Endurance Aura
2 War Stomp
1 Reincarnation
» actions
| Assign group hotkey | 35 | |
| Basic commands | 312 | |
| Build / train | 62 | |
| Enter build submenu | 32 | |
| Enter hero's abilities submenu | 12 | |
| Give item / drop item | 3 | |
| Remove unit from queue | 4 | |
| Right click | 782 | |
| Select / deselect | 510 | |
| Select group hotkey | 623 | |
| Use ability | 82 | |
2457 total
» units
| Peon | 10 | |
| Wind Rider | 14 | |
| Raider | 10 | |
| Forest Troll Shadow Priest | 1 | |
35 total
» upgrades
| Spiked Barricades | 1 | |
| Ranged Weapons | 2 | |
| Armor | 2 | |
| Melee Weapons | 2 | |
| Pillage | 1 | |
8 total
» buildings
| Altar of Storms | 1 | |
| Orc Burrow | 10 | |
| War Mill | 1 | |
| Stronghold | 1 | |
| Watch Tower | 11 | |
| Beastiary | 1 | |
| Great Hall | 1 | |
26 total
» build order
00:19 Altar of Storms
00:24 Orc Burrow
01:25 Orc Burrow
01:48 War Mill
02:27 Orc Burrow
03:11 Stronghold
04:41 Watch Tower
04:43 Watch Tower
04:44 Watch Tower
04:46 Watch Tower
05:49 Watch Tower
05:54 Watch Tower
05:56 Watch Tower
06:03 Watch Tower
06:05 Watch Tower
06:36 Beastiary
06:55 Watch Tower
07:05 Orc Burrow
07:19 Watch Tower
10:27 Orc Burrow
10:31 Orc Burrow
11:16 Orc Burrow
13:33 Orc Burrow
15:11 Orc Burrow
15:14 Orc Burrow
29:00 Great Hall
» items
| Scroll of Healing | 2 | |
| Scroll of Protection | 1 | |
3 total
team 2 (winner)

»
DirtMcGirt (
pink | 105 APM | 3189 actions | 30:15)
5 Death Knight
3 Death Coil
2 Unholy Aura
5 Lich
3 Frost Nova
2 Frost Armor
» actions
| Assign group hotkey | 21 | |
| Basic commands | 1 | |
| Build / train | 78 | |
| Enter build submenu | 23 | |
| Enter hero's abilities submenu | 10 | |
| Give item / drop item | 5 | |
| Remove unit from queue | 11 | |
| Right click | 1576 | |
| Select / deselect | 1187 | |
| Select group hotkey | 165 | |
| Use ability | 112 | |
3189 total
» units
| Acolyte | 3 | |
| Ghoul | 6 | |
| Meatwagon | 2 | |
| Gargoyle | 8 | |
| Goblin Zeppelin | 1 | |
| Crypt Fiend | 10 | |
30 total
» upgrades
| Destroyer Form | 1 | |
| Creature Attack | 2 | |
| Web | 1 | |
| Burrow | 1 | |
5 total
» buildings
| Altar of Darkness | 2 | |
| Crypt | 3 | |
| Ziggurat | 4 | |
| Tomb of Relics | 1 | |
| Nerubian Tower | 2 | |
| Halls of the Dead | 1 | |
| Graveyard | 1 | |
| Black Citadel | 2 | |
| Slaughterhouse | 1 | |
| Spirit Tower | 1 | |
| Necropolis | 1 | |
19 total
» build order
00:08 Altar of Darkness
00:12 Altar of Darkness
00:16 Crypt
00:34 Ziggurat
00:59 Ziggurat
01:42 Tomb of Relics
01:52 Nerubian Tower
01:52 Nerubian Tower
03:02 Halls of the Dead
03:27 Ziggurat
03:35 Graveyard
05:23 Black Citadel
05:23 Black Citadel
06:04 Slaughterhouse
06:20 Spirit Tower
09:35 Ziggurat
10:17 Crypt
10:28 Crypt
22:40 Necropolis
» items
| Rod of Necromancy | 2 | |
| Dust of Appearance | 1 | |
| Potion of Mana | 3 | |
| Potion of Healing | 4 | |
| Orb of Corruption | 2 | |
| Scroll of Town Portal | 1 | |
| Scroll of Healing | 1 | |
14 total
Chat log
(00:22 / All) DirtMcGirt: gl hf
(06:12 / All) DirtMcGirt: lol
(06:13 / All) DirtMcGirt: wow